 Dungeon Crawl Stone Soup version 0.31-a0-152-g6aa68a64a1 (webtiles) character file.

Game seed: 703745163272262853

68 CowFu the Insei (level 4, -1/35 HPs)
             Began as a Draconian Transmuter on June 11, 2023.
             Was an Initiate of Ru.
             Slain by Grinder (5 damage)
             ... while paralysed by Grinder
             ... on level 3 of the Dungeon.
             The game lasted 00:01:45 (1570 turns).

CowFu the Insei (Draconian Transmuter)              Turns: 1570, Time: 00:01:46

Health: -1/35      AC:  5    Str: 18    XL:     4   Next: 1%
Magic:  7/7        EV:  2    Int: 13    God:    Ru [......]
Gold:   139        SH:  0    Dex: 14    Spells: 6/7 levels left

rFire   . .          .
                       - Unarmed
rCold   . . .        (no shield)
rNeg    . . .        (body armour unavailable)
rPois   .            (helmet restricted)
rElec   .            (no cloak)
rCorr   .            (no gloves)
SInv    .            (no boots)
Will    +....        (no amulet) Stlth
                     b - +6 ring of strength
HPRegen 0.25/turn    (no ring)
MPRegen 0.10/turn

%: no passive effects
@: paralysed, enlightened, flying
A: AC +5, unfitting armour, cold-blooded, no stealth, passive freeze, screaming
1
a: Renounce Religion


You were on level 3 of the Dungeon.
You worshipped Ru.
Ru was noncommittal.
You visited 1 branch of the dungeon, and saw 3 of its levels.

You collected 139 gold pieces.

Inventory:

Armour
 m - a scarf of harm
Jewellery
 b - a +6 ring of strength (left hand)
Scrolls
 c - a scroll of noise {unknown}
 d - 2 scrolls of magic mapping {unknown}
 f - 2 scrolls of identify {unknown}
 g - a scroll of butterflies {unknown}
 j - a scroll of fear {unknown}
 k - a scroll of immolation {unknown}
Potions
 a - a potion of lignification
 e - a potion of enlightenment
 i - a potion of heal wounds {unknown}
 l - a potion of invisibility {unknown}


   Skills:
 - Level 1.1 Fighting
 - Level 1.7 Dodging
 + Level 4.9 Unarmed Combat
 - Level 2.0 Spellcasting
 - Level 2.0 Transmutations


You had 6 spell levels left.
You knew the following spells:

 Your Spells              Type           Power      Damage    Failure   Level
a - Beastly Appendage     Tmut           12%        N/A       11%         1

Your spell library contained the following spells:

 Spells                   Type           Power      Damage    Failure   Level
 Wereblood                Tmut           6%         N/A       17%         2
 Passwall                 Tmut/Erth      2%         N/A       26%         2
 Ensorcelled Hibernation  Hex/Ice        2%         N/A       36%         2
 Spider Form              Tmut/Pois      3%         N/A       45%         3
 Dazzling Flash           Conj/Hex       2%         N/A       58%         3
 Swiftness                Air            1%         N/A       58%         3
 Volatile Blastmotes      Fire/Tloc      2%         2d10      58%         3
 Ice Form                 Ice/Tmut       3%         N/A       86%         4
 Iskenderun's Mystic Bla  Conj/Tloc      1%         2d3       94%         4
 Starburst                Conj/Fire      0%         6d3       100%        6


Dungeon Overview and Level Annotations

Branches:
Dungeon (3/15)

Altars:
Ru

Annotations:
D:3 Grinder


Innate Abilities, Weirdness & Mutations

Your plain brown scales are hard. (AC +5)
You cannot fit into any form of body armour.
You are cold-blooded and may be slowed by cold attacks.
You cannot be stealthy.
A frigid envelope surrounds you and freezes all who hurt you.
You occasionally shout uncontrollably at your foes.


Message History

The bat hits you.
Grinder says, "Make like a tree!"
Grinder hits you.
You writhe in agony.
You can move again.
You are too injured to fight recklessly!
You are too injured to fight recklessly!
You are too injured to fight recklessly!
You are too injured to fight recklessly!
Unknown command.
You are too injured to fight recklessly!
Unknown command.
You are too injured to fight recklessly!
Unknown command.
You are too injured to fight recklessly!
You are too injured to fight recklessly!
You closely miss Grinder. Your kick misses Grinder. The bat hits you.
Grinder gestures at you.
You shrug off the repeated paralysis!
You closely miss Grinder. You claw Grinder. Your headbutt misses Grinder.
You tail-slap Grinder, but do no damage.
Grinder is lightly wounded.
The bat hits you but does no damage. Grinder hits you.
* * * LOW HITPOINT WARNING * * *
It was a potion of enlightenment.
You feel very buoyant.
You fly up into the air.
The bat closely misses you. Grinder completely misses you.
It was a potion of mutation.
You feel extremely strange.
Your skin feels very cold.
You feel the urge to shout. The bat hits you but does no damage.
The bat is very cold.
You kill the bat!
Grinder gestures at you.
You suddenly lose the ability to move!
You have reached level 4!
You feel agile.
Your horns disappear.
Your talons disappear.
Grinder hits you.
* * * LOW HITPOINT WARNING * * *
You writhe in agony.
You die...

###########
.=.....[..#
#.......#
#......$#
#(..<@).#
#...5...#
#.......#
####.####
#.# #.# #.#
#.#


You could see Grinder.

Vanquished Creatures
  2 adders (D:2)
  A dart slug (D:2)
  4 endoplasms (D:1)
  A giant cockroach (D:1)
  5 goblins
  6 hobgoblins
  4 quokkas
  5 ball pythons
  4 bats
  3 frilled lizards
  4 kobolds
  5 rats
44 creatures vanquished.

Notes
Turn   | Place    | Note
-------+----------+-------------------------------------------
     0 | D:1      | CowFu the Draconian Transmuter began the quest for the Orb.
     0 | D:1      | Reached XP level 1. HP: 16/16 MP: 3/3
   113 | D:1      | Reached XP level 2. HP: 15/23 MP: 5/5
   485 | D:1      | Reached skill level 4 in Unarmed Combat
   730 | D:1      | Found a faded altar of an unknown god.
   735 | D:1      | Reached XP level 3. HP: 20/28 MP: 6/6
   739 | D:1      | Prayed at the altar of an unknown god.
   739 | D:1      | Became a worshipper of Ru the Awakened
   753 | D:1      | Gained mutation: You cannot be stealthy. [Ru sacrifice]
  1556 | D:3      | Noticed Grinder
  1561 | D:3      | Paralysed by Grinder for 4 turns
  1569 | D:3      | Gained mutation: A frigid envelope surrounds you and
                  | freezes all who hurt you. [potion of mutation]
  1569 | D:3      | Gained mutation: You occasionally shout uncontrollably at
                  | your foes. [potion of mutation]
  1569 | D:3      | Paralysed by Grinder for 2 turns
  1570 | D:3      | Reached XP level 4. HP: 5/35 MP: 7/7
  1570 | D:3      | Slain by Grinder

Illustrated notes

Levels and vault maps discovered:
D:1:      giann_horns, layout_basic,
          dreamdust_ecumenical_altar_hidden_monk_grotto, minivault_27,
          minmay_misc_feat_secret_circle
D:2:      layout_loops_ring, minmay_distorted
D:3:      cheibrodos_pilgrimage, layout_basic, lemuel_crystal_altar,
          uniq_grinder

Skill      XL: |  1  2 |
---------------+-------+-----
Unarmed Combat | 4 |  4.9
Fighting       | |  1.1
Dodging        | |  1.7
Spellcasting   | |  2.0
Transmutations | |  2.0

Action                     |  1- 3 |  4- 6 || total
---------------------------+-------+-------++-------
  Melee: Unarmed           |   128 |       ||   128
         Tailslap          |    11 |       ||    11
         Kick              |     7 |       ||     7
         Headbutt          |     2 |       ||     2
         Punch             |     1 |       ||     1
   Cast: Beastly Appendage |     9 |       ||     9
 Invoke: Sacrifice Stealth |     1 |       ||     1
    Use: Potion            |     2 |       ||     2
 Armour: Skin              |    61 |       ||    61
  Dodge: Dodged            |    94 |       ||    94

Table legend: (Time is in decaauts)
 A = Elapsed time spent in this place.
 B = Non-inter-level travel time spent in this place.
 C = Inter-level travel time spent in this place.
 D = Time resting spent in this place.
 E = Time spent auto-exploring this place.
 F = Levels seen in this place.
 G = Mean time per level.
                   A        B        C        D        E       F      G
               +--------+--------+--------+--------+--------+-----+--------+
         Total |   1567 |   1541 |     26 |      0 |   1249 |   3 |  522.3 |
       Dungeon |   1567 |   1541 |     26 |      0 |   1249 |   3 |  522.3 |
               +--------+--------+--------+--------+--------+-----+--------+

Top non-repeatable levels by time:
     D:1: 946 daAuts
     D:2: 607 daAuts
     D:3: 13 daAuts
